 Dungeon Crawl Stone Soup version 0.20.1-1-g8b1a95d (webtiles) character file.

582 equalderp2856 the Chopper (level 7, -1/60 HPs)
             Began as a Minotaur Fighter on Aug 2, 2017.
             Slain by Prince Ribbit (8 damage)
             ... on level 5 of the Dungeon.
             The game lasted 00:09:43 (3772 turns).

equalderp2856 the Chopper (Minotaur Fighter)        Turns: 3772, Time: 00:09:44

Health: -1/60      AC:  8    Str: 25    XL:     7   Next: 14%
Magic:  6/6        EV:  9    Int:  5    God:
Gold:   145        SH: 10    Dex: 12    Spells: 6/6 levels left

rFire    . . .     SeeInvis .   a - +0 war axe
rCold    . . .     Gourm    .   c - +0 shield
rNeg     . . .     Faith    .   b - +0 scale mail
rPois    .         Spirit   .   (helmet restricted)
rElec    .         Reflect  .   (no cloak)
rCorr    .         Harm     .   k - +0 pair of gloves
MR       .....                  (no boots)
Stlth    ..........             (no amulet)
Regen    0.2/turn               (no ring)
MPRegen  0.1/turn               (no ring)

@: mighty
A: retaliatory headbutt, horns 2
a: no special abilities


You were on level 5 of the Dungeon.
You were not hungry.

You visited 1 branch of the dungeon, and saw 5 of its levels.

You collected 145 gold pieces.

Inventory:

Hand Weapons
 a - a +0 war axe (weapon)
 D - a +4 trident
Missiles
 j - 50 bolts
 m - 71 stones (quivered)
 u - 20 arrows
 v - 33 sling bullets
 B - 23 poisoned needles
Armour
 b - a +0 scale mail (worn)
 c - a +0 shield (worn)
 k - a +0 pair of gloves (worn)
 l - a +0 robe
 C - a +1 leather armour of cold resistance
 E - a +0 cloak
Scrolls
 e - a scroll of magic mapping {unknown}
 g - 3 scrolls of teleportation {unknown}
 h - 2 scrolls of enchant weapon {unknown}
 n - 5 scrolls of remove curse {unknown}
 o - 2 scrolls of identify {unknown}
 p - 2 scrolls of immolation {unknown}
 r - 3 scrolls of recharging {unknown}
 s - 3 scrolls of enchant armour {unknown}
 t - a scroll of amnesia {unknown}
 y - 3 scrolls of fear {unknown}
Potions
 w - a potion of degeneration {unknown}
 x - a potion of mutation {unknown}
 z - a potion of magic {unknown}
 A - 2 potions of brilliance {unknown}
Comestibles
 f - 2 bread rations
 i - 3 meat rations
 q - 2 royal jellies


   Skills:
 + Level 4.8 Fighting
 + Level 6.5 Axes
 + Level 5.6 Armour
 + Level 2.0 Dodging
 + Level 4.9 Shields


You had 6 spell levels left.
You didn't know any spells.

Dungeon Overview and Level Annotations

Branches:
Dungeon (5/15)
 Temple: D:4-7

Altars:

Shops:
D:4 (   D:5 *

Annotations:
D:5 Prince Ribbit


Innate Abilities, Weirdness & Mutations

You reflexively headbutt those who attack you in melee.
You have a pair of horns on your head.


Message History

Unknown command.
You see here a jackal corpse.
You barely miss Prince Ribbit.
Prince Ribbit is heavily wounded.
Prince Ribbit barely misses you. You block Prince Ribbit's attack.
You slash Prince Ribbit!
Prince Ribbit is severely wounded.
Prince Ribbit barely misses you. x2
You miss Prince Ribbit. Your headbutt misses Prince Ribbit.
Prince Ribbit is severely wounded.
Prince Ribbit hits you!
* * * LOW HITPOINT WARNING * * *
Your shield and scale mail prevent you from hitting Prince Ribbit.
Prince Ribbit is severely wounded.
Prince Ribbit hits you.
* * * LOW HITPOINT WARNING * * *
Prince Ribbit hits you.
* * * LOW HITPOINT WARNING * * *
Prince Ribbit hits you!
You die...

#.#..#.### #...#
#.##.#.# #...#
#.##.#.#### #...#
#.........######...#
### .####.........##
###..#####......(.
#.......##.##..... #
#.#..##..... .###.
#.##@#..#####... .
#...F..........####
#.##.##.######<# #
#.##.# .# ... .#
##.#..# ..... #.# ##
#.#


You could see Prince Ribbit.

Vanquished Creatures
  A phantom (D:5)
  An ogre (D:5)
  2 crimson imps
  A centaur zombie (D:5)
  A bullfrog skeleton (D:4)
  A jelly (D:5)
  2 orc wizards (D:5)
  A worker ant (D:5)
  A howler monkey skeleton (D:4)
  9 adders
  4 dart slugs
  2 leopard geckos (D:5)
  13 orcs
  10 bats
  3 giant cockroaches
  7 goblins
  8 hobgoblins
  4 jackals (D:5)
  A ball python (D:2)
  4 frilled lizards
  3 kobolds
  2 leopard gecko skeletons
  4 rats
85 creatures vanquished.

Notes
Turn   | Place    | Note
-------+----------+-------------------------------------------
     0 | D:1      | equalderp2856 the Minotaur Fighter began the quest for the Orb.
     0 | D:1      | Reached XP level 1. HP: 19/19 MP: 0/0
   145 | D:1      | Reached XP level 2. HP: 24/27 MP: 1/1
  1076 | D:2      | Reached skill level 3 in Axes
  1076 | D:2      | Reached XP level 3. HP: 10/33 MP: 2/2
  1283 | D:2      | You fall through a shaft for 2 floors!
  1549 | D:4      | Reached skill level 1 in Dodging
  1549 | D:4      | Reached XP level 4. HP: 40/40 MP: 3/3
  1666 | D:4      | Found Septouru's Antique Weapon Shop.
  2162 | D:3      | Reached skill level 4 in Axes
  2277 | D:3      | Reached XP level 5. HP: 46/46 MP: 4/4
  3196 | D:5      | Entered Level 5 of the Dungeon
  3202 | D:5      | Noticed an ogre
  3210 | D:5      | Reached skill level 5 in Armour
  3215 | D:5      | Killed an ogre
  3215 | D:5      | Reached skill level 5 in Axes
  3215 | D:5      | Reached XP level 6. HP: 51/53 MP: 5/5
  3609 | D:5      | Found Gyok's Assorted Antiques.
  3620 | D:5      | Reached skill level 6 in Axes
  3700 | D:5      | Reached XP level 7. HP: 54/60 MP: 6/6
  3749 | D:5      | Noticed Prince Ribbit
  3772 | D:5      | Slain by Prince Ribbit

Skill      XL: |  1  2  3  4  5  6 |
---------------+-------------------+-----
Fighting       | 4 |  4.8
Armour         | 4 5 |  5.6
Axes           | 3 4 5 6 |  6.5
Shields        | 4 |  4.9
Dodging        | 1 2 |  2.0

Action                   |  1- 3 |  4- 6 |  7- 9 || total
-------------------------+-------+-------+-------++-------
Melee: War axe           |    81 |   116 |    20 ||   217
       Headbutt          |    10 |    15 |     3 ||    28
  Use: Potion            |     2 |       |     1 ||     3
  Eat: Chunk             |     1 |     7 |     1 ||     9
Armor: Scale mail        |    44 |    59 |     5 ||   108
Dodge: Dodged            |    34 |    42 |    11 ||    87
Block: Shield            |    56 |    69 |    18 ||   143
